 Dungeon Crawl Stone Soup version 0.28.0 (webtiles) character file.

Game seed: 18109659667369649430

907 HallandMoats the Unbeliever (level 7, -6/56 HPs)
             Began as a Demonspawn Fighter on Feb 7, 2022.
             Killed from afar by Dowan (13 damage)
             ... with a shard of ice
             ... on level 5 of the Dungeon.
             The game lasted 00:04:25 (4372 turns).

HallandMoats the Unbeliever (Demonspawn Fighter)    Turns: 4372, Time: 00:04:26

Health: -6/56      AC:  9    Str: 22 (24) XL:     7   Next: 81%
Magic:  10/10      EV: 10    Int:  7 (10) God:
Gold:   200        SH:  8    Dex: 10 (12) Spells: 6/6 levels left

rFire   . . .      SeeInvis .   a - +0 war axe
rCold   . . .      Faith    .   c - +0 buckler
rNeg    . . .      Spirit   .   b - +0 scale mail
rPois   .          Reflect  .   (helmet restricted)
rElec   .          Harm     .   m - +0 cloak
rCorr   .          Rampage  .   g - +0 pair of gloves
Will    .....                   (no boots)
Stlth   ..........              (no amulet)
HPRegen 0.18/turn               h - ring of flight
MPRegen 0.12/turn               o - +6 ring of strength

@: flying, hasted, very quick
A: horns 1, condensation shield
a: no special abilities


You were on level 5 of the Dungeon.
You visited 1 branch of the dungeon, and saw 5 of its levels.

You collected 200 gold pieces.

Inventory:

Hand Weapons
 a - a +0 war axe (weapon)
Armour
 b - a +0 scale mail (worn)
 c - a +0 buckler (worn)
 g - a +0 pair of gloves (worn)
 m - a +0 cloak (worn)
Jewellery
 h - a ring of flight (left hand)
 o - a +6 ring of strength (right hand)
 p - a ring of magical power
 t - a ring of wizardry
Wands
 d - a wand of digging (8)
 l - a wand of flame (15)
Scrolls
 f - 5 scrolls of teleportation {unknown}
 i - 3 scrolls of enchant weapon {unknown}
 j - 6 scrolls of identify {unknown}
 q - a scroll of amnesia {unknown}
 r - a scroll of vulnerability {unknown}
Potions
 e - 2 potions of degeneration
 k - 2 potions of magic
 n - a potion of haste
 s - 2 potions of curing {unknown}
 u - a potion of brilliance {unknown}
Miscellaneous
 v - a phantom mirror


   Skills:
 * Level 5.1 Fighting
 * Level 4.1 Axes
 + Level 3.7 Armour
 + Level 2.3 Dodging
 + Level 3.8 Shields
 * Level 5.3 Invocations


You had 6 spell levels left.
You didn't know any spells.
Your spell library contained the following spells:

 Spells                   Type           Power      Damage    Failure   Level
 Shock                    Conj/Air       0%         1d3       83%         1
 Slow                     Hex            0%         N/A       83%         1
 Confusing Touch          Hex            0%         N/A       99%         3
 Dazzling Flash           Conj/Hex       0%         N/A       99%         3
 Swiftness                Air            0%         N/A       99%         3
 Tukima's Dance           Hex            0%         N/A       99%         3
 Vampiric Draining        Necr           0%         2d6       99%         3
 Airstrike                Air            0%         N/A       100%        4
 Iskenderun's Mystic Bla  Conj/Tloc      0%         2d3       100%        4
 Passage of Golubria      Tloc           0%         N/A       100%        4
 Yara's Violent Unravell  Hex/Tmut       0%         3d3       100%        5
 Starburst                Conj/Fire      0%         6d3       100%        6


Dungeon Overview and Level Annotations

Branches:
Dungeon (5/15)
 Temple: D:4-7

Altars:
Makhleb

Annotations:
D:5 4 runed translucent doors, Dowan


Innate Abilities, Weirdness & Mutations

You have a pair of small horns on your head.
A meltable shield of frost defends you. (SH +4)


Message History

Duvessa is almost dead.
You slash something! You hit Dowan.
A sky beast appears from thin air!
Reactivating autopickup.
The sky beast barely misses you. Duvessa barely misses you.
Dowan hits you but does no damage.
You barely miss Duvessa. Your headbutt misses Duvessa.
Duvessa is almost dead.
You closely miss the sky beast. You hit Dowan.
The sky beast flickers out of sight!
Deactivating autopickup; reactivate with Ctrl-A.
You block something's attack. Duvessa hits you with a +0 short sword.
You slash Duvessa!
You kill Duvessa!
Dowan seems overcome with grief.
Dowan seems to find hidden reserves of power!
You barely miss something. You hit Dowan.
Dowan casts a spell.
Dowan blinks!
Something hits you. Something shocks you.
* * * LOW HITPOINT WARNING * * *
You feel your strength returning.
Your Fighting skill increases to level 5!
Unknown command.
You closely miss something. Your headbutt misses something.
Something hits you but does no damage.
You closely miss something. Your headbutt misses something. Something hits you.
* * * LOW HITPOINT WARNING * * *
Something shocks you.
* * * LOW HITPOINT WARNING * * *
You miss something. You headbutt something. You closely miss Dowan.
Dowan is heavily wounded.
You closely miss something. You block something's attack.
Dowan mumbles some strange words.
Dowan blinks!
You hit something.
Reactivating autopickup.
You feel a bit more experienced. Dowan casts a spell at you.
The shard of ice hits you!
You die...

##### .# ....# #.# .....
##... ....+ ..+ .... .>..#
....# ..# ... ....
....##..#.. ..##...
....+...#... .....#
....#...#...###....#.....#
.###....#......Ť..#.....#
........#......#@..+.....#
####....#..........#.....#
##...#..........#.....#
#...####......e#.....#
#......#.............#
#......#...#.........#
#......#####.......[.#
##...#####........#####
+###....# #........#


You could see Dowan (fast).

Vanquished Creatures
  Grinder (D:5)
  Sigmund (D:2)
  Duvessa (D:5)
  A sky beast (D:5)
  2 scorpions
  A howler monkey (D:5)
  An orc priest (D:4)
  Jessica (D:2)
  An orc wizard (D:4)
  2 hound skeletons
  7 adders
  A shadow imp (D:5)
  An ufetubus (D:5)
  A worm (D:4)
  7 orcs (D:4)
  9 ball pythons
  6 bats
  6 endoplasms
  2 giant cockroaches (D:1)
  12 goblins
  11 hobgoblins
  14 jackals
  4 kobolds
  2 quokkas
  3 frilled lizards
  9 rats
107 creatures vanquished.

Notes
Turn   | Place    | Note
-------+----------+-------------------------------------------
     0 | D:1      | HallandMoats the Demonspawn Fighter began the quest for the
                  | Orb.
     0 | D:1      | Reached XP level 1. HP: 18/18 MP: 1/1
   165 | D:1      | Reached skill level 1 in Invocations
   165 | D:1      | Gained mutation: A meltable shield of frost defends you.
                  | (SH +4) [demonic ancestry]
   165 | D:1      | Reached XP level 2. HP: 16/24 MP: 2/2
   773 | D:1      | Reached XP level 3. HP: 22/29 MP: 4/4
  1314 | D:2      | Noticed Jessica
  1315 | D:2      | Noticed Sigmund
  1322 | D:2      | Killed Jessica
  1323 | D:2      | Reached XP level 4. HP: 29/35 MP: 5/5
  1328 | D:2      | Killed Sigmund
  1329 | D:2      | Reached skill level 1 in Dodging
  1329 | D:2      | Reached XP level 5. HP: 11/42 MP: 5/7
  1989 | D:3      | Gained mutation: You have a pair of small horns on your
                  | head. [demonic ancestry]
  1989 | D:3      | Reached XP level 6. HP: 43/48 MP: 8/8
  3556 | D:4      | Found a burning altar of Makhleb.
  3556 | D:4      | Noticed an Executioner
  3559 | D:4      | Noticed an orange demon
  3559 | D:4      | Noticed an orange demon
  3593 | D:5      | Entered Level 5 of the Dungeon
  3594 | D:5      | Found a large runed translucent door.
  3594 | D:5      | Found a large runed translucent door.
  3671 | D:5      | Found a large runed translucent door.
  3671 | D:5      | Found a large runed translucent door.
  3695 | D:5      | Reached XP level 7. HP: 55/55 MP: 10/10
  3914 | D:5      | Noticed Grinder
  3924 | D:5      | Paralysed by Grinder for 5 turns
  3933 | D:5      | Paralysed by Grinder for 5 turns
  3944 | D:5      | Killed Grinder
  3945 | D:5      | Reached skill level 5 in Invocations
  4350 | D:5      | Noticed Duvessa
  4351 | D:5      | Noticed Dowan
  4367 | D:5      | Killed Duvessa
  4368 | D:5      | Reached skill level 5 in Fighting
  4372 | D:5      | Killed from afar by Dowan

Illustrated notes

Levels and vault maps discovered:
D:1:      amcnicky_arrival_choice, layout_rooms
D:2:      layout_basic, serial_curves, eino_curves_04, eino_curves_04,
          uniq_jessica, uniq_sigmund
D:3:      layout_basic, nicolae_figureground_sparkle
D:4:      layout_loops_ring, makhleb_altar_promises_db
D:5:      layout_basic, minmay_hollow_rounded_squares, uniq_duvessa,
          uniq_grinder

Skill      XL: |  1  2  3  4  5  6  7 |
---------------+----------------------+-----
Axes           | 2 3 4 |  4.1
Invocations    | 1 2 3 4 5 |  5.3
Shields        | 3 |  3.8
Fighting       | 4 5 |  5.1
Armour         | 3 |  3.7
Dodging        | 1 2 |  2.3

Action                   |  1- 3 |  4- 6 |  7- 9 || total
-------------------------+-------+-------+-------++-------
Melee: War axe           |   112 |   172 |    49 ||   333
       Headbutt          |       |    14 |     8 ||    22
  Use: Potion            |     1 |       |     3 ||     4
Armor: Scale mail        |    63 |    64 |    24 ||   151
Dodge: Dodged            |    46 |    72 |    22 ||   140
Block: Buckler           |    61 |    74 |    24 ||   159
